 Dungeon Crawl Stone Soup version 0.22.1-1-ga44c0e5 (webtiles) character file.

263 bloo the Destroyer (level 5, 0/28 HPs)
             Began as a Deep Elf Conjurer on Oct 7, 2018.
             Succumbed to a worker ant's poison
             ... on level 4 of the Dungeon.
             The game lasted 00:17:20 (4604 turns).

bloo the Destroyer (Deep Elf Conjurer)              Turns: 4604, Time: 00:17:20

Health: 0/28       AC:  2    Str:  5    XL:     5   Next: 98%
Magic:  0/11       EV: 13    Int: 21    God:
Gold:   197        SH:  0    Dex: 15    Spells: 3/10 levels left

rFire    . . .     SeeInvis .   p - +0 hunting sling
rCold    . . .     Gourm    .   (no shield)
rNeg     . . .     Faith    .   a - +0 robe
rPois    .         Spirit   .   (no helmet)
rElec    .         Reflect  .   (no cloak)
rCorr    .         Harm     .   (no gloves)
MR       .....                  (no boots)
Stlth    ++........             (no amulet)
HPRegen  0.09/turn              (no ring)
MPRegen  0.12/turn              (no ring)

@: lethally poisoned (0 -> -13)
A: no striking features
a: no special abilities


You were on level 4 of the Dungeon.
You were hungry.

You visited 1 branch of the dungeon, and saw 4 of its levels.

You collected 197 gold pieces.

Inventory:

Hand Weapons
 p - a +0 hunting sling (weapon)
 v - a +2 dagger of venom
Missiles
 d - 66 stones
 f - 18 sling bullets (quivered)
Armour
 a - a +0 robe (worn)
Jewellery
 m - an uncursed amulet of rage {unknown}
 o - an uncursed amulet of magic regeneration {unknown}
 s - an uncursed amulet of the acrobat {unknown}
Scrolls
 b - 3 scrolls of identify {unknown}
 i - 2 scrolls of blinking {unknown}
 j - 3 scrolls of remove curse {unknown}
 k - 4 scrolls of immolation {unknown}
 l - 2 scrolls of enchant armour {unknown}
 n - 3 scrolls of teleportation {unknown}
 r - a scroll of fog {unknown}
 t - a scroll of enchant weapon {unknown}
 u - 2 scrolls of fear {unknown}
 x - a scroll of magic mapping {unknown}
Potions
 e - a potion of curing {unknown}
 g - a potion of invisibility {unknown}
 h - a potion of heal wounds {unknown}
 q - a potion of haste {unknown}
Comestibles
 c - 6 rations
 w - 2 chunks of flesh


   Skills:
 - Level 2.4 Dodging
 - Level 2.4 Stealth
 - Level 3.0 Spellcasting
 + Level 8.0 Conjurations


You had 3 spell levels left.
You knew the following spells:

 Your Spells              Type           Power        Failure   Level  Hunger
a - Magic Dart            Conj           ####         1%          1    None
b - Searing Ray           Conj           #####.       1%          2    ##.....
c - Iskenderun's Mystic   Conj           #####...     4%          4    ####...

Your spell library contained the following spells:

 Spells                   Type           Power        Failure   Level  Hunger
 Dazzling Spray           Conj/Hex       ###...       8%          3    ###....
 Force Lance              Conj/Tloc      ###.....     26%         4    ####...
 Fulminant Prism          Conj/Hex       ###.......   26%         4    ####...


Dungeon Overview and Level Annotations

Branches:
Dungeon (4/15)
 Temple: D:4-7

Altars:
Elyvilon
Hepliaklqana
Nemelex Xobeh
Ru
Sif Muna
The Shining One

Shops:
D:4 ?


Message History

You feel sick.
The phantom blinks!
The worker ant barely misses you.
Casting: Searing Ray (safe; 1% risk of failure)
Confirm with . or Enter, or press ? or * to list all spells.
Aiming: Magic Dart (safe; 1% risk of failure)
Press: ? - help, Shift-Dir - straight line, f/p - phantom
Aim: a phantom (almost destroyed)
The magic dart hits the phantom.
The phantom is almost destroyed.
The worker ant barely misses you.
You feel sick. The phantom hits you.
* * * LOW HITPOINT WARNING * * *
The phantom blinks!
You feel sick. The worker ant bites you.
* * * LOW HITPOINT WARNING * * *
You are more poisoned.
The worker ant poisons you!
* * * LOW HITPOINT WARNING * * *
You feel sick.
You die...

#.......##
#.......#####.#
#.............#
#.......#####.#
#.......#### #.
#..........# #.
#.......##.# #.
#.####W.##.##
#.#####...@.........
###.#......#######.##.
#.....####.## # #
#.#.#.### ...
#####.#.....#..###
.##...###......#.
....#.###........
.##...........[.. #
##.########....


You could see a phantom.

Vanquished Creatures
  A crimson imp (D:2)
  A hound (D:4)
  An orc wizard (D:3)
  A worker ant (D:4)
  5 adders
  3 worms
  An adder skeleton (D:4)
  4 dart slugs
  5 leopard geckos
  2 orcs (D:3)
  A ball python (D:1)
  7 bats
  4 giant cockroaches
  11 goblins
  8 hobgoblins
  2 quokkas
  4 frilled lizards
  9 kobolds
  A leopard gecko skeleton (D:4)
  15 rats
86 creatures vanquished.

Notes
Turn   | Place    | Note
-------+----------+-------------------------------------------
     0 | D:1      | bloo the Deep Elf Conjurer began the quest for the Orb.
     0 | D:1      | Reached XP level 1. HP: 10/10 MP: 6/6
   198 | D:1      | Reached XP level 2. HP: 15/15 MP: 2/8
   211 | D:1      | Reached skill level 5 in Conjurations
   284 | D:1      | Learned a level 2 spell: Searing Ray
   535 | D:1      | Reached XP level 3. HP: 19/19 MP: 0/9
  1465 | D:2      | Reached skill level 6 in Conjurations
  2143 | D:2      | Reached XP level 4. HP: 24/24 MP: 8/10
  2366 | D:2      | Found a hazy altar of Hepliaklqana.
  2443 | D:2      | Found a glowing golden altar of the Shining One.
  3045 | D:3      | Learned a level 4 spell: Iskenderun's Mystic Blast
  3085 | D:3      | Found a deep blue altar of Sif Muna.
  3464 | D:3      | Reached skill level 7 in Conjurations
  3464 | D:3      | Reached XP level 5. HP: 28/28 MP: 7/11
  3653 | D:3      | Found a white marble altar of Elyvilon.
  3992 | D:3      | Found a sacrificial altar of Ru.
  3992 | D:3      | Found a sparkling altar of Nemelex Xobeh.
  4539 | D:4      | Reached skill level 8 in Conjurations
  4576 | D:4      | Found Oneesakh's Magic Scroll Boutique.
  4586 | D:4      | Noticed a phantom
  4603 | D:4      | HP: 1/28 [poisoned by a worker ant]
  4604 | D:4      | Succumbed to a worker ant's poison

Skill      XL: |  1  2  3  4  5 |
---------------+----------------+-----
Conjurations   | 5 6 7 8 |  8.0
Dodging        | |  2.4
Stealth        | |  2.4
Spellcasting   | |  3.0

Action                   |  1- 3 |  4- 6 || total
-------------------------+-------+-------++-------
 Cast: Magic Dart        |    71 |    63 ||   134
       Searing Ray       |    12 |    13 ||    25
       Iskenderun's Myst |       |     4 ||     4
  Eat: Chunk             |     4 |     8 ||    12
Armor: Robe              |     1 |     2 ||     3
Dodge: Dodged            |    10 |     7 ||    17
